 Dungeon Crawl Stone Soup version 0.28.0-53-g5a82cb258f (webtiles) character file.

Game seed: 16948774378178590498

2 purpskrrrp the Sneak (level 1, 0/18 HPs)
             Began as a Demigod Delver on June 21, 2022.
             Slain by a jelly (1 damage)
             ... on level 5 of the Dungeon.
             The game lasted 00:01:18 (64 turns).

purpskrrrp the Sneak (Demigod Delver)                 Turns: 64, Time: 00:01:18

Health: 0/18       AC:  3    Str: 13    XL:     1   Next: 26%
Magic:  3/3        EV: 11    Int: 12    God:
Gold:   0          SH:  0    Dex: 15    Spells: 0/0 levels left

rFire   . . .      SeeInvis .   a - +0 mace
rCold   . . .      Faith    .   (no shield)
rNeg    . . .      Spirit   .   b - +0 leather armour
rPois   .          Reflect  .   (no helmet)
rElec   .          Harm     .   (no cloak)
rCorr   .          Rampage  .   (no gloves)
Will    .....                   (no boots)
Stlth   +++.......              (no amulet)
HPRegen 0.06/turn               (no ring)
MPRegen 0.08/turn               (no ring)

@: hasted, very quick
A: high MP 1, forlorn, divine attributes
a: no special abilities


You were on level 5 of the Dungeon.
You visited 1 branch of the dungeon, and saw 1 of its levels.

Inventory:

Hand Weapons
 a - a +0 mace (weapon)
Armour
 b - a +0 leather armour (worn)
Wands
 g - a wand of digging (3)
Scrolls
 d - a scroll of magic mapping


   Skills:
 + Level 2.7 Fighting
 + Level 1.7 Maces & Flails
 + Level 1.7 Dodging
 + Level 4.6 Stealth


You couldn't memorise any spells.
You didn't know any spells.
Your spell library was empty.

Dungeon Overview and Level Annotations

Branches:
Dungeon (5/15)
 Temple: D:4-7


Innate Abilities, Weirdness & Mutations

You have an increased reservoir of magic. (+10% MP)
You shall have no god before yourself.
Your divine heritage dramatically boosts your attributes as you level up.


Message History

You sock the hound zombie!
The hound zombie is moderately damaged.
The hound zombie bites you.
You hit the hound zombie.
The hound zombie is heavily damaged.
The hound zombie bites you but does no damage.
The hound zombie closely misses you.
An adder comes into view.
The adder hisses angrily.
The hound zombie bites you but does no damage.
The adder closely misses you. The adder bites you but does no damage.
The adder closely misses you. The hound zombie bites you.
* * * LOW HITPOINT WARNING * * *
As you read the scroll of fear, it crumbles to dust.
You assume a fearsome visage.
The water moccasin zombie is unaffected.
The hound zombie is unaffected.
The bullfrog skeleton is unaffected.
The adder looks frightened!
The hound zombie bites you but does no damage.
The bullfrog skeleton barely misses you.
The hound zombie barely misses you. The hound zombie barely misses you.
As you read the scroll of fog, it crumbles to dust.
The scroll dissolves into smoke.
The hound zombie bites you.
* * * LOW HITPOINT WARNING * * *
The hound zombie closely misses you. The hound zombie bites you.
* * * LOW HITPOINT WARNING * * *
The hound zombie bites you.
* * * LOW HITPOINT WARNING * * *
You feel yourself speed up. The hound zombie barely misses you.
A jelly comes into view.
The jelly quivers.
Found a scroll labelled ILU HEULIACS.
The jelly barely misses you.
You hit the jelly but do no damage.
Your hands burn!
* * * LOW HITPOINT WARNING * * *
The jelly hits you.
You die...

########## #...ZZ§§§#
#.######§# #.# #Z# #Z#
####§## ## ## #Z#
#§.§§.# #.#...
#.###.##§§# #...?.#
#.#.)...§§####......#
#.#....ZZ.Z..@J......
#........#######.##.#
###......# #......#
######.# #+## #.#
#...##
#####.#####.....#
#........#.......
######.....##.........


You could see a jelly, a water moccasin zombie, a hound zombie and a bullfrog
skeleton.

Vanquished Creatures
  2 jackals (D:5)
2 creatures vanquished.

Notes
Turn   | Place    | Note
-------+----------+-------------------------------------------
     0 | D:5      | purpskrrrp the Demigod Delver began the quest for the Orb.
     0 | D:5      | Reached XP level 1. HP: 18/18 MP: 3/3
    15 | D:5      | Noticed a water moccasin zombie
    59 | D:5      | Noticed a jelly
    64 | D:5      | Slain by a jelly

Illustrated notes

Levels and vault maps discovered:
D:5:      nicolae_cairo_tiling_large, layout_loops_corners, serial_undead,
          serial_undead_d, serial_undead_a, serial_undead_a, serial_undead_a,
          serial_undead_f, serial_undead_e, serial_undead_a, serial_undead_c,
          serial_undead_f, serial_undead_d, gammafunk_ghost_nasty_kobolds,
          uniq_grinder

Action                   || total
-------------------------++-------
Melee: Mace              ||    11
       Punch             ||     1
  Use: Scroll            ||     2
       Potion            ||     1
Armor: Leather armour    ||     6
Dodge: Dodged            ||    19
